TOP OF THE 1ST |
Quad Cities River Bandits batting - Pitching for Clinton LumberKings : RHP Kyle Ridgeway
|
Pitching: RHP Kyle Ridgeway
|
|
Batting: LHB Kelvin Jones
|
0-0: DOUBLE (Groundball, 3L, EV 100.6 MPH)
|
Batting: RHB Jamie Jennings
|
0-0: Ball Wild Pitch! Kelvin Jones to third 1-0: Ball 2-0: Ball 3-0: Base on Balls
|
Batting: LHB Doug Anderson
|
0-0: Called Strike 0-1: Ball 1-1: Foul Ball, location: 2F 1-2: Strikes out swinging
|
Batting: RHB Pete Isley
|
0-0: Called Strike 0-1: Fly out, F9 (Line Drive, 9, EV 98.1 MPH) Runner from 3rd tags up, SCORES, no throw by RF
|
Batting: RHB Raul Sanchez
|
0-0: Ball 1-0: Ball 2-0: Called Strike 2-1: Foul Ball, location: 2F 2-2: Foul Ball, location: 2F 2-2: DOUBLE (Line Drive, 78D, EV 111.9 MPH) Jamie Jennings to third
|
Batting: SHB Paskar Adegoke
|
0-0: Ball 1-0: Ball 2-0: Fly out, F8 (Flyball, 8RD, EV 105.6 MPH)
|
Top of the 1st over - 1 run, 2 hits, 0 errors, 2 left on base; Quad Cities 1 - Clinton 0 |
BOTTOM OF THE 1ST |
Clinton LumberKings batting - Pitching for Quad Cities River Bandits : RHP Willie Jimenez
|
Pitching: RHP Willie Jimenez
|
|
Batting: RHB Rick Ellis
|
0-0: Called Strike 0-1: Ball 1-1: Ball 2-1: Called Strike 2-2: Ball 3-2: Foul Ball, location: 2F 3-2: Base on Balls
|
Batting: SHB Jose Castillo
|
0-0: Called Strike 0-1: Foul Ball, location: 2F 0-2: Foul Ball, location: 2F 0-2: Ball 1-2: Ball 2-2: Ball 3-2: Base on Balls Rick Ellis to second
|
Batting: LHB Jason Hopkins
|
0-0: Fly out, F8 (Flyball, 89D, EV 95.6 MPH) Runner from 2nd tags up, SAFE at 3rd, no throw by CF
|
Batting: RHB Josh Ruhl
|
0-0: Ball 1-0: Foul Ball, location: 2F 1-1: Ground out 5-3 (Groundball, 56S, EV 70.0 MPH) Rick Ellis scores Jose Castillo to second
|
Batting: LHB Jawad Fahad
|
0-0: Ball 1-0: Fly out, F7 (Flyball, 7, EV 88.8 MPH)
|
Bottom of the 1st over - 1 run, 0 hits, 0 errors, 1 left on base; Quad Cities 1 - Clinton 1 |
TOP OF THE 2ND |
Quad Cities River Bandits batting - Pitching for Clinton LumberKings : RHP Kyle Ridgeway
|
Batting: RHB Joe Cook
|
0-0: Foul Ball, location: 2F 0-1: Ball 1-1: Ball 2-1: Bunted foul 2-2: Foul Ball, location: 2F 2-2: Foul Ball, location: 2F 2-2: Foul Ball, location: 2F 2-2: Strikes out looking
|
Batting: RHB Colin Cranford
|
0-0: Fly out, F9 (Flyball, 9, EV 85.6 MPH)
|
Batting: RHB Steve Moore
|
0-0: Ball 1-0: Foul Ball, location: 2F 1-1: Ground out 5-3 (Groundball, 5, EV 107.5 MPH)
|
Top of the 2nd over - 0 runs, 0 hits, 0 errors, 0 left on base; Quad Cities 1 - Clinton 1 |
BOTTOM OF THE 2ND |
Clinton LumberKings batting - Pitching for Quad Cities River Bandits : RHP Willie Jimenez
|
Batting: LHB William Warren
|
0-0: Called Strike 0-1: Foul Ball, location: 2F 0-2: Strikes out swinging
|
Batting: RHB Josh O'Neal
|
0-0: Ball 1-0: Ball 2-0: Called Strike 2-1: Foul Ball, location: 2F 2-2: Strikes out swinging
|
Batting: LHB Brian Butler
|
0-0: SINGLE (Groundball, 15S, EV 70.0 MPH) (infield hit)
|
Batting: SHB Victor Rijos
|
0-0: Ball 1-0: Ball 2-0: Called Strike 2-1: Ball 3-1: Called Strike 3-2: Fly out, F9 (Line Drive, 9, EV 85.0 MPH)
|
Bottom of the 2nd over - 0 runs, 1 hit, 0 errors, 1 left on base; Quad Cities 1 - Clinton 1 |
TOP OF THE 3RD |
Quad Cities River Bandits batting - Pitching for Clinton LumberKings : RHP Kyle Ridgeway
|
Batting: LHB Kelvin Jones
|
0-0: Swinging Strike 0-1: Ball 1-1: Ground out 5-3 (Groundball, 5, EV 103.8 MPH)
|
Batting: RHB Jamie Jennings
|
0-0: Called Strike 0-1: Ball 1-1: Ball 2-1: Ball 3-1: Base on Balls
|
Batting: LHB Doug Anderson
|
0-0: Ball 1-0: Called Strike 1-1: Ball 2-1: Ball 3-1: Fly out, F2 (Popup, 15S, EV 81.3 MPH)
|
Batting: RHB Pete Isley
|
0-0: Called Strike 0-1: Swinging Strike 0-2: Ball 1-2: Foul Ball, location: 2F 1-2: Ball 2-2: Foul Ball, location: 2F 2-2: Foul Ball, location: 2F 2-2: Fly out, F7 (Flyball, 7LM, EV 97.5 MPH)
|
Top of the 3rd over - 0 runs, 0 hits, 0 errors, 1 left on base; Quad Cities 1 - Clinton 1 |
BOTTOM OF THE 3RD |
Clinton LumberKings batting - Pitching for Quad Cities River Bandits : RHP Willie Jimenez
|
Batting: RHB Rick Ellis
|
0-0: Ball 1-0: Foul Ball, location: 2F 1-1: Ball 2-1: Bunt missed! 2-2: Foul Ball, location: 2F 2-2: Ground out 4-3 (Groundball, 4, EV 88.1 MPH)
|
Batting: SHB Jose Castillo
|
0-0: Foul Ball, location: 2F 0-1: Swinging Strike 0-2: Fly out, F8 (Flyball, 8RXD, EV 100.0 MPH)
|
Batting: LHB Jason Hopkins
|
0-0: Called Strike 0-1: Ball 1-1: Swinging Strike 1-2: Ball 2-2: Ground out 5-3 (Groundball, 56, EV 107.5 MPH)
|
Bottom of the 3rd over - 0 runs, 0 hits, 0 errors, 0 left on base; Quad Cities 1 - Clinton 1 |
TOP OF THE 4TH |
Quad Cities River Bandits batting - Pitching for Clinton LumberKings : RHP Kyle Ridgeway
|
Batting: RHB Raul Sanchez
|
0-0: Fly out, F9 (Flyball, 9LS, EV 83.8 MPH)
|
Batting: SHB Paskar Adegoke
|
0-0: Called Strike 0-1: Foul Ball, location: 2F 0-2: Ball 1-2: Ball 2-2: SINGLE (Groundball, 4MD, EV 96.3 MPH)
|
Batting: RHB Joe Cook
|
0-0: Called Strike 0-1: Called Strike 0-2: Foul Ball, location: 2F 0-2: Reached on error, E5 (Groundball, 5, EV 83.1 MPH) Paskar Adegoke to second
|
Batting: RHB Colin Cranford
|
0-0: Ball 1-0: Foul Ball, location: 2F 1-1: Ball 2-1: Ball 3-1: Base on Balls Paskar Adegoke to third Joe Cook to second
|
Batting: RHB Steve Moore
|
0-0: Swinging Strike 0-1: DOUBLE (Groundball, 5L, EV 101.3 MPH) Paskar Adegoke scores Joe Cook scores Colin Cranford to third
|
Batting: LHB Kelvin Jones
|
0-0: Called Strike 0-1: Swinging Strike 0-2: Foul Ball, location: 2F 0-2: Strikes out swinging
|
Batting: RHB Jamie Jennings
|
0-0: Ball 1-0: Ball 2-0: Called Strike 2-1: SINGLE (Line Drive, 9LS, EV 96.9 MPH) Colin Cranford scores Steve Moore to third
|
Batting: LHB Doug Anderson
|
0-0: Ball 1-0: Ball 2-0: Called Strike 2-1: Fly out, F6 (Line Drive, 6, EV 61.9 MPH)
|
Top of the 4th over - 3 runs, 3 hits, 1 error, 2 left on base; Quad Cities 4 - Clinton 1 |
BOTTOM OF THE 4TH |
Clinton LumberKings batting - Pitching for Quad Cities River Bandits : RHP Willie Jimenez
|
Batting: RHB Josh Ruhl
|
0-0: Ball 1-0: SINGLE (Groundball, 6, EV 93.8 MPH)
|
Batting: LHB Jawad Fahad
|
0-0: Ball 1-0: Swinging Strike 1-1: Called Strike 1-2: Foul Ball, location: 2F 1-2: Ball Josh Ruhl steals 2nd base 2-2: Ball 3-2: SINGLE (Line Drive, 78M, EV 94.4 MPH) Josh Ruhl to third
|
Batting: LHB William Warren
|
0-0: Ball 1-0: Ball 2-0: Called Strike 2-1: Called Strike 2-2: Ball 3-2: Ground out 2-3 (Groundball, 2L, EV 68.1 MPH) Jawad Fahad to second
|
Batting: RHB Josh O'Neal
|
0-0: DOUBLE (Line Drive, 3D, EV 98.8 MPH) Josh Ruhl scores Jawad Fahad scores
|
Batting: LHB Brian Butler
|
0-0: Ball 1-0: Ball 2-0: Foul Ball, location: 2F 2-1: Reached on error, E6 (Groundball, 6, EV 80.0 MPH) Josh O'Neal to third
|
Batting: SHB Victor Rijos
|
0-0: Called Strike 0-1: Foul Ball, location: 2F 0-2: Grounds into double play, 6-4-3 (Groundball, 6, EV 100.0 MPH)
|
Bottom of the 4th over - 2 runs, 3 hits, 1 error, 1 left on base; Quad Cities 4 - Clinton 3 |
TOP OF THE 5TH |
Quad Cities River Bandits batting - Pitching for Clinton LumberKings : RHP Kyle Ridgeway
|
Batting: RHB Pete Isley
|
0-0: Ball 1-0: Ball 2-0: Ball 3-0: Called Strike 3-1: Base on Balls
|
Batting: RHB Raul Sanchez
|
0-0: Called Strike 0-1: Grounds into double play, 5-4-3 (Groundball, 56S, EV 84.4 MPH)
|
Batting: SHB Paskar Adegoke
|
0-0: Ball 1-0: Called Strike 1-1: Ball 2-1: Foul Ball, location: 2F 2-2: Ball 3-2: Fly out, F9 (Flyball, 89S, EV 90.6 MPH)
|
Top of the 5th over - 0 runs, 0 hits, 0 errors, 0 left on base; Quad Cities 4 - Clinton 3 |
BOTTOM OF THE 5TH |
Clinton LumberKings batting - Pitching for Quad Cities River Bandits : RHP Willie Jimenez
|
Batting: RHB Rick Ellis
|
0-0: Ball 1-0: Ball 2-0: Fly out, F4 (Popup, 3S, EV 83.8 MPH)
|
Batting: SHB Jose Castillo
|
0-0: Foul Ball, location: 2F 0-1: Swinging Strike 0-2: Strikes out swinging
|
Batting: LHB Jason Hopkins
|
0-0: Ball 1-0: Foul Ball, location: 2F 1-1: Ball 2-1: Swinging Strike 2-2: Ground out 3-1 (Groundball, 3L, EV 108.8 MPH)
|
Bottom of the 5th over - 0 runs, 0 hits, 0 errors, 0 left on base; Quad Cities 4 - Clinton 3 |
TOP OF THE 6TH |
Quad Cities River Bandits batting - Pitching for Clinton LumberKings : RHP Kyle Ridgeway
|
Batting: RHB Joe Cook
|
0-0: Called Strike 0-1: Ball 1-1: Called Strike 1-2: Ball 2-2: DOUBLE (Line Drive, 5D, EV 97.5 MPH)
|
Pitching: RHP Adam Fair
|
|
Batting: RHB Colin Cranford
|
0-0: Called Strike 0-1: Foul Ball, location: 2F 0-2: Strikes out swinging
|
Batting: RHB Steve Moore
|
0-0: Ball Joe Cook steals 3rd base 1-0: Ball 2-0: Ball 3-0: Base on Balls
|
Batting: LHB Kelvin Jones
|
0-0: Ball 1-0: Ball 2-0: DOUBLE (Line Drive, 78D, EV 106.9 MPH) Joe Cook scores Steve Moore to third
|
Batting: RHB Jamie Jennings
|
0-0: Foul Ball, location: 2F 0-1: Foul Ball, location: 2F 0-2: Strikes out swinging
|
Batting: LHB Doug Anderson
|
0-0: Ball 1-0: Ball 2-0: Ball 3-0: Called Strike 3-1: Called Strike 3-2: Base on Balls
|
Batting: RHB Pete Isley
|
0-0: Ball 1-0: Ball 2-0: Foul Ball, location: 2F 2-1: SINGLE (Groundball, 4MD, EV 106.3 MPH) Steve Moore scores Kelvin Jones to third Doug Anderson to second Runner from 3rd tries for Home, throw by CF and OUT! 8-2
|
Top of the 6th over - 2 runs, 3 hits, 0 errors, 2 left on base; Quad Cities 6 - Clinton 3 |
BOTTOM OF THE 6TH |
Clinton LumberKings batting - Pitching for Quad Cities River Bandits : RHP Willie Jimenez
|
Batting: RHB Josh Ruhl
|
0-0: Ball 1-0: Ball 2-0: Called Strike 2-1: Ground out 5-3 (Groundball, 56, EV 84.4 MPH)
|
Batting: LHB Jawad Fahad
|
0-0: Ball 1-0: Ball 2-0: Called Strike 2-1: Swinging Strike 2-2: Ball 3-2: Base on Balls
|
Batting: LHB William Warren
|
0-0: Foul Ball, location: 2F 0-1: Ball 1-1: Ball 2-1: Fly out, F9 (Flyball, 9D, EV 105.6 MPH)
|
Batting: RHB Josh O'Neal
|
0-0: Ball 1-0: Ball 2-0: Called Strike 2-1: Ball 3-1: Foul Ball, location: 2F 3-2: Base on Balls Jawad Fahad to second
|
Pitching: RHP Justin Coney
|
|
Batting: LHB Brian Butler
|
0-0: SINGLE (Groundball, 56D, EV 97.5 MPH) Jawad Fahad to third Josh O'Neal to second Runner from 3rd tries for Home, SAFE, throw by LF to home
|
Batting: SHB Victor Rijos
|
0-0: Fly out, F8 (Flyball, 78M, EV 93.8 MPH)
|
Bottom of the 6th over - 1 run, 1 hit, 0 errors, 2 left on base; Quad Cities 6 - Clinton 4 |
TOP OF THE 7TH |
Quad Cities River Bandits batting - Pitching for Clinton LumberKings : RHP Adam Fair
|
Pitching: LHP Justin Neikirk
|
|
Batting: RHB Raul Sanchez
|
0-0: Ball 1-0: Ball 2-0: Foul Ball, location: 2F 2-1: Ball 3-1: Swinging Strike 3-2: Foul Ball, location: 2F 3-2: Strikes out swinging
|
Batting: SHB Paskar Adegoke
|
0-0: Called Strike 0-1: Called Strike 0-2: SINGLE (Groundball, 6D, EV 108.8 MPH)
|
Batting: RHB Joe Cook
|
0-0: Ball 1-0: Ball 2-0: Fielders Choice at 2nd, 3-6 (Groundball, 3, EV 93.8 MPH)
|
Batting: RHB Colin Cranford
|
0-0: Ball 1-0: Called Strike Joe Cook steals 2nd base 1-1: Ball 2-1: Called Strike 2-2: Strikes out swinging
|
Top of the 7th over - 0 runs, 1 hit, 0 errors, 1 left on base; Quad Cities 6 - Clinton 4 |
BOTTOM OF THE 7TH |
Clinton LumberKings batting - Pitching for Quad Cities River Bandits : RHP Justin Coney
|
Batting: RHB Rick Ellis
|
0-0: Called Strike 0-1: Fly out, F9 (Flyball, 9LM, EV 88.1 MPH)
|
Batting: SHB Jose Castillo
|
0-0: Called Strike 0-1: Ball 1-1: Ball 2-1: SINGLE (Groundball, 5L, EV 107.5 MPH)
|
Batting: LHB Jason Hopkins
|
0-0: Ball 1-0: Swinging Strike 1-1: Called Strike Jose Castillo steals 2nd base (no throw) 1-2: Foul Ball, location: 2F 1-2: Strikes out looking
|
Batting: RHB Josh Ruhl
|
0-0: Ball 1-0: Ball 2-0: Called Strike 2-1: Swinging Strike 2-2: Strikes out swinging
|
Bottom of the 7th over - 0 runs, 1 hit, 0 errors, 1 left on base; Quad Cities 6 - Clinton 4 |
TOP OF THE 8TH |
Quad Cities River Bandits batting - Pitching for Clinton LumberKings : LHP Justin Neikirk
|
Batting: RHB Steve Moore
|
0-0: Ball 1-0: Foul Ball, location: 2F 1-1: Ground out 4-3 (Groundball, 4M, EV 83.1 MPH)
|
Batting: LHB Kelvin Jones
|
0-0: Foul Ball, location: 2F 0-1: Ball 1-1: Called Strike 1-2: Strikes out looking
|
Batting: RHB Jamie Jennings
|
0-0: Ball 1-0: Ball 2-0: Called Strike 2-1: Foul Ball, location: 2F 2-2: Ball 3-2: Base on Balls
|
Batting: LHB Doug Anderson
|
0-0: Ground out 6-3 (Groundball, 6MS, EV 73.8 MPH)
|
Top of the 8th over - 0 runs, 0 hits, 0 errors, 1 left on base; Quad Cities 6 - Clinton 4 |
BOTTOM OF THE 8TH |
Clinton LumberKings batting - Pitching for Quad Cities River Bandits : RHP Justin Coney
|
Batting: LHB Jawad Fahad
|
0-0: Ground out U3 (Groundball, 34, EV 86.3 MPH)
|
Batting: LHB William Warren
|
0-0: Ball 1-0: Foul Ball, location: 2F 1-1: Swinging Strike 1-2: Strikes out looking
|
Batting: RHB Josh O'Neal
|
0-0: Called Strike 0-1: Ball 1-1: Fly out, F8 (Flyball, 8LD, EV 92.5 MPH)
|
Bottom of the 8th over - 0 runs, 0 hits, 0 errors, 0 left on base; Quad Cities 6 - Clinton 4 |
TOP OF THE 9TH |
Quad Cities River Bandits batting - Pitching for Clinton LumberKings : LHP Justin Neikirk
|
Pitching: LHP Rentaro Minami
|
|
Batting: RHB Pete Isley
|
0-0: Ground out 6-3 (Groundball, 6, EV 103.1 MPH)
|
Batting: RHB Raul Sanchez
|
0-0: Ball 1-0: Fly out, F8 (Flyball, 8RD, EV 85.0 MPH)
|
Batting: SHB Paskar Adegoke
|
0-0: Called Strike 0-1: SINGLE (Line Drive, 9S, EV 85.6 MPH)
|
Batting: RHB Joe Cook
|
0-0: Ball 1-0: Ball 2-0: Ball 3-0: Base on Balls Paskar Adegoke to second
|
Batting: RHB Colin Cranford
|
0-0: Ball 1-0: Ball 2-0: Foul Ball, location: 2F 2-1: Ground out 4-3 (Groundball, 4, EV 100.6 MPH)
|
Top of the 9th over - 0 runs, 1 hit, 0 errors, 2 left on base; Quad Cities 6 - Clinton 4 |
BOTTOM OF THE 9TH |
Clinton LumberKings batting - Pitching for Quad Cities River Bandits : RHP Justin Coney
|
Pitching: RHP Tim Watson
|
|
Now at 3B: Rob Baker
|
|
Batting: LHB Brian Butler
|
0-0: Ball 1-0: Ball 2-0: Ball 3-0: Called Strike 3-1: Base on Balls
|
Batting: SHB Victor Rijos
|
0-0: Ball 1-0: Ball 2-0: Ball 3-0: Base on Balls Brian Butler to second
|
Batting: RHB Rick Ellis
|
0-0: Ball 1-0: Sac Bunt to P - play at first, batter OUT! 1-4 Brian Butler to third Victor Rijos to second
|
Batting: SHB Jose Castillo
|
0-0: Ball 1-0: Called Strike 1-1: Swinging Strike 1-2: Ball 2-2: Ball 3-2: Foul Ball, location: 2F 3-2: Strikes out swinging
|
Batting: LHB Jason Hopkins
|
0-0: Called Strike 0-1: Ball 1-1: SINGLE (Groundball, 4M, EV 97.5 MPH) Brian Butler scores Victor Rijos to third Runner from 3rd tries for Home, SAFE, throw by CF to home Jason Hopkins to second
|
Batting: RHB Josh Ruhl
|
0-0: Called Strike 0-1: Called Strike 0-2: Ground out 6-3 (Groundball, 6, EV 85.0 MPH)
|
Bottom of the 9th over - 2 runs, 1 hit, 0 errors, 1 left on base; Quad Cities 6 - Clinton 6 |
TOP OF THE 10TH |
Quad Cities River Bandits batting - Pitching for Clinton LumberKings : LHP Rentaro Minami
|
Batting: RHB Steve Moore
|
0-0: Foul Ball, location: 2F 0-1: Foul Ball, location: 2F 0-2: Foul Ball, location: 2F 0-2: Ball 1-2: Ball 2-2: Ball 3-2: Foul Ball, location: 2F 3-2: Strikes out swinging
|
Pinch Hitting: RHB Ben Glavich
|
0-0: Swinging Strike 0-1: Foul Ball, location: 2F 0-2: Ball 1-2: Strikes out swinging
|
Batting: RHB Jamie Jennings
|
0-0: Ball 1-0: Ball 2-0: Ball 3-0: Called Strike 3-1: SINGLE (Flyball, 5D, EV 83.8 MPH)
|
Pitching: RHP Mike Bator
|
|
Batting: LHB Doug Anderson
|
0-0: Ball 1-0: Called Strike 1-1: Ball 2-1: Ball 3-1: Base on Balls Jamie Jennings to second
|
Batting: RHB Pete Isley
|
0-0: Foul Ball, location: 2F 0-1: Foul Ball, location: 2F 0-2: Ball 1-2: DOUBLE (Line Drive, 89D, EV 108.8 MPH) Jamie Jennings scores Doug Anderson to third
|
Batting: RHB Raul Sanchez
|
0-0: Called Strike 0-1: Ground out 6-3 (Groundball, 6, EV 86.9 MPH)
|
Top of the 10th over - 1 run, 2 hits, 0 errors, 2 left on base; Quad Cities 7 - Clinton 6 |
BOTTOM OF THE 10TH |
Clinton LumberKings batting - Pitching for Quad Cities River Bandits : RHP Tim Watson
|
Pitching: RHP Joe Rivin
|
|
Now in RF: Dylan LaRose
|
|
Batting: LHB Jawad Fahad
|
0-0: Ball 1-0: Swinging Strike 1-1: Ball 2-1: Ground out 4-3 (Groundball, 34, EV 81.9 MPH)
|
Batting: LHB William Warren
|
0-0: Fly out, F7 (Line Drive, 7, EV 86.9 MPH)
|
Batting: RHB Josh O'Neal
|
0-0: Ball 1-0: Foul Ball, location: 2F 1-1: Ground out 6-3 (Groundball, 6, EV 101.9 MPH)
|
Bottom of the 10th over - 0 runs, 0 hits, 0 errors, 0 left on base; Quad Cities 7 - Clinton 6 |
|